 Dungeon Crawl Stone Soup version 0.23.1-37-gaa34b87 (webtiles) character file.

Game seed: 4581282933189400910

2171 Borgoz the Ducker (level 9, -11/74 HPs)
             Began as a Ghoul Monk on Mar 21, 2019.
             Was a Believer of Ashenzari.
             Mangled by a two-headed ogre
             ... wielding a +0 giant spiked club
              (18 damage)
             ... on level 8 of the Dungeon.
             The game lasted 00:12:54 (8017 turns).

Borgoz the Ducker (Ghoul Monk)                      Turns: 8017, Time: 00:12:54

Health: -11/74     AC:  7    Str: 15    XL:     9   Next: 32%
Magic:  8/8        EV: 13    Int:  7    God:    Ashenzari [**....]
Gold:   372        SH:  0    Dex: 12    Spells: 8/8 levels left

rFire    . . .     SeeInvis .     - Unarmed
rCold    + . .     Gourm    .   (no shield)
rNeg     + + +     Faith    .   w - +0 ring mail
rPois    ∞         Spirit   .   (no helmet)
rElec    .         Reflect  .   l - +0 cloak (curse)
rCorr    .         Harm     .   (no gloves)
MR       .....                  (no boots)
Stlth    ++........             (no amulet)
HPRegen  0.00/turn              (no ring)
MPRegen  0.11/turn              (no ring)

@: rotting
A: rotting body, claws 1, carnivore, cold resistance 1, negative energy
resistance 3, inhibited regeneration, torment resistance, unbreathing
a: Curse Item, Scrying, Renounce Religion


You were on level 8 of the Dungeon.
You worshipped Ashenzari.
Ashenzari was pleased with you.
You were not hungry.

You visited 2 branches of the dungeon, and saw 9 of its levels.

You collected 372 gold pieces.

Inventory:

Hand Weapons
 b - a +0 blowgun
 i - a +3 quarterstaff of chaos
 p - a +0 rapier
 u - a +0 dagger of flaming
 y - a +2 dagger of protection
Missiles
 h - 54 poisoned needles
 m - 4 curare-tipped needles
 q - 6 tomahawks (quivered)
Armour
 c - the cursed -1 pair of gloves of the Dice {Str+2 Dex+4 SInv}
   (You found it on level 4 of the Dungeon)

   It affects your strength (+2).
   It affects your dexterity (+4).
   It lets you see invisible.
   It has a curse placed upon it.
 l - a cursed +0 cloak (worn)
 v - a scarf of cloud immunity
 w - a +0 ring mail (worn)
 x - a cursed +1 leather armour
Wands
 e - a wand of random effects (30)
 s - a wand of acid (11)
Scrolls
 a - a scroll of vulnerability
 f - 3 scrolls of teleportation
 j - 3 scrolls of identify
 k - 5 scrolls of remove curse
 o - a scroll of enchant armour
 r - 2 scrolls of fog
Potions
 d - 2 potions of flight
 z - a potion of might
 A - a potion of haste
Comestibles
 g - 18 rations
 t - 3 chunks of flesh


   Skills:
 + Level 5.6 Fighting
 + Level 3.2 Throwing
 * Level 5.4 Armour
 * Level 6.3 Dodging
 - Level 5.4 Stealth
 + Level 5.6 Unarmed Combat


You had 8 spell levels left.
You didn't know any spells.
Your spell library was empty.

Dungeon Overview and Level Annotations

Branches:
Dungeon (8/15)             Temple (1/1) D:6
   Lair: D:8-11

Altars:
Ashenzari
Cheibriados
Dithmenos
Elyvilon
Fedhas
Gozag
Hepliaklqana
Kikubaaqudgha
Makhleb
Nemelex Xobeh
Okawaru
Qazlal
Ru
Sif Muna
Trog
Uskayaw
Vehumet
Wu Jian
Xom
Yredelemnul
The Shining One

Annotations:
D:6 2 transporters, bmj180's ghost, novice MiMo


Innate Abilities, Weirdness & Mutations

Your body is rotting away.
You thrive on raw meat.
You are immune to poison.
You have sharp fingernails.
You are carnivorous and can eat meat at any time.
Your flesh is cold resistant. (rC+)
You are immune to negative energy. (rN+++)
You do not regenerate when monsters are visible.
You are immune to unholy pain and torment.
You can survive without breathing.


Message History

The two-headed ogre is moderately wounded.
You scratch the two-headed ogre.
The two-headed ogre is moderately wounded.
The two-headed ogre closely misses you. x2
You scratch the two-headed ogre. You claw the two-headed ogre!
The two-headed ogre is severely wounded.
The two-headed ogre hits you with a +0 giant spiked club!
The two-headed ogre misses you.
You claw the two-headed ogre!
The two-headed ogre is almost dead.
You scratch the two-headed ogre.
The two-headed ogre is almost dead.
The two-headed ogre barely misses you.
The two-headed ogre hits you with a +0 giant club!!
* * * LOW HITPOINT WARNING * * *
You scratch the two-headed ogre.
The two-headed ogre is almost dead.
The two-headed ogre closely misses you.
The two-headed ogre hits you with a +0 giant club!!
You die...

* , , , * * .# * * *#. **
, #! ,* ####. , ## .... *
, ....#..## * #. *
#....O.####### * ###.# **
* ##@"...... ...# #.#* ,
##..######. #..# #.# *
#.<## #..# #.# *#.#.# *
#.)# #.# ###.# ,
##..###.# #.# ........#
##.# * ....#.#.######..#
** * * * *
##[##.........#.######..,


You could see a two-headed ogre.

Vanquished Creatures
  A deep elf mage (D:6)
  Sigmund (D:3)
  A spriggan (D:7)
  Menkaure (D:7)
  A phantom (D:6)
  3 bullfrogs
  3 scorpions
  A howler monkey (D:5)
  4 crimson imps
  A centaur zombie (D:7)
  8 orc wizards
  2 orc priests (D:5)
  Crazy Yiuf (D:2)
  Terence (D:3)
  An iguana (D:7)
  4 worker ants
  A worker ant zombie (D:5)
  9 adders
  6 gnolls
  A shadow imp (D:4)
  An ooze (D:6)
  A dart slug (D:3)
  7 leopard geckos
  17 orcs
  4 ball pythons
  5 hobgoblins
  14 jackals
  5 kobolds
  4 quokkas
  6 bats
  4 frilled lizards
  9 goblins
  5 rats
133 creatures vanquished.

Notes
Turn   | Place    | Note
-------+----------+-------------------------------------------
     0 | D:1      | Borgoz the Ghoul Monk began the quest for the Orb.
     0 | D:1      | Reached XP level 1. HP: 19/19 MP: 0/0
   422 | D:1      | Reached XP level 2. HP: 25/26 MP: 1/1
   716 | D:2      | Reached skill level 1 in Armour
   716 | D:2      | Reached skill level 3 in Dodging
   730 | D:2      | Reached XP level 3. HP: 9/31 MP: 2/2
  1035 | D:2      | Reached XP level 4. HP: 18/38 MP: 3/3
  1239 | D:2      | Found a shattered altar of Ashenzari.
  1320 | D:2      | Reached XP level 5. HP: 41/46 MP: 4/4
  1340 | D:2      | Became a worshipper of Ashenzari the Shackled
  1340 | D:2      | Reached * piety under Ashenzari
  1340 | D:2      | Reached ** piety under Ashenzari
  1446 | D:2      | Found a runed translucent door.
  1447 | D:2      | Noticed Crazy Yiuf
  1839 | D:3      | Noticed Sigmund
  2102 | D:4      | Got the cursed pair of gloves of the Dice {Str+2 Dex+4
                  | SInv}
  2176 | D:4      | Found a shadowy altar of Dithmenos.
  2240 | D:4      | Reached XP level 6. HP: 9/52 MP: 5/5
  3151 | D:5      | Entered Level 5 of the Dungeon
  3170 | D:4      | Reached skill level 4 in Dodging
  3611 | D:5      | Reached skill level 1 in Throwing
  3957 | D:6      | Found a transporter.
  3959 | D:6      | Found a transporter.
  3959 | D:6      | Noticed a two-headed ogre
  3959 | D:6      | Noticed bmj180's ghost (novice MiMo)
  4030 | D:6      | Reached XP level 7. HP: 55/59 MP: 6/6
  4716 | D:5      | Found an opulent altar of Gozag.
  5510 | D:3      | Killed Sigmund
  5823 | D:3      | Reached XP level 8. HP: 62/67 MP: 7/7
  5901 | D:3      | Noticed Terence
  5906 | D:3      | Killed Terence
  6016 | D:2      | Killed Crazy Yiuf
  6016 | D:2      | Reached skill level 5 in Dodging
  6297 | D:6      | Found a staircase to the Ecumenical Temple.
  6359 | Temple   | Entered the Ecumenical Temple
  6737 | D:6      | Noticed a deep elf mage
  6754 | D:6      | Killed a deep elf mage
  6754 | D:6      | Reached skill level 5 in Fighting
  6754 | D:6      | Reached skill level 5 in Stealth
  6754 | D:6      | Reached skill level 5 in Unarmed Combat
  6991 | D:6      | Found an ancient bone altar of Kikubaaqudgha.
  6993 | D:6      | Found a blossoming altar of Fedhas.
  7066 | D:6      | Found a sacrificial altar of Ru.
  7070 | D:6      | Found an ornate altar of the Wu Jian Council.
  7072 | D:6      | Found a hide-covered altar of Uskayaw.
  7167 | D:7      | Found a snail-covered altar of Cheibriados.
  7174 | D:7      | Noticed Menkaure
  7187 | D:7      | Killed Menkaure
  7212 | D:7      | Reached skill level 5 in Armour
  7212 | D:7      | Reached XP level 9. HP: 24/74 MP: 8/8
  7275 | D:7      | Reached skill level 6 in Dodging
  7897 | D:7      | Found a glowing golden altar of the Shining One.
  8008 | D:8      | Noticed a two-headed ogre
  8017 | D:8      | Mangled by a two-headed ogre

Skill      XL: |  1  2  3  4  5  6  7  8  9 |
---------------+----------------------------+-----
Armour         | 1 2 3 5 |  5.4
Dodging        | 3 4 5 6 |  6.3
Stealth        | 3 4 5 |  5.4
Unarmed Combat | 4 5 |  5.6
Fighting       | 4 5 |  5.6
Throwing       | 1 2 3 |  3.2

Action                   |  1- 3 |  4- 6 |  7- 9 || total
-------------------------+-------+-------+-------++-------
Melee: Unarmed           |    68 |   235 |   346 ||   649
       Punch             |     1 |       |    10 ||    11
  Use: Potion            |       |     4 |     1 ||     5
       Scroll            |       |     1 |    13 ||    14
 Stab: Sleeping          |     6 |     4 |     6 ||    16
  Eat: Chunk             |     8 |    31 |    36 ||    75
Armor: Leather armour    |    13 |    33 |       ||    46
       Ring mail         |       |     2 |   108 ||   110
Dodge: Dodged            |    39 |   128 |   206 ||   373
